 Dungeon Crawl Stone Soup version 0.22-a0-422-g9628fc8 (webtiles) character file.

571 George the Slasher (level 7, 0/51 HPs)
             Began as a Demonspawn Gladiator on May 20, 2018.
             Slain by an orc
             ... wielding a +0 flail
              (6 damage)
             ... on level 3 of the Dungeon.
             The game lasted 00:05:19 (2478 turns).

George the Slasher (Demonspawn Gladiator)           Turns: 2478, Time: 00:05:19

Health: 0/51       AC: 14    Str: 16    XL:     7   Next: 11%
Magic:  7/7        EV:  8    Int:  9    God:
Gold:   147        SH:  0    Dex: 15    Spells: 6/6 levels left

rFire    . . .     SeeInvis +   a - +0 long sword
rCold    . . .     Gourm    .   (no shield)
rNeg     . . .     Faith    .   w - +3 chain mail {rPois}
rPois    +         Spirit   .   c - +0 helmet
rElec    .         Reflect  .   k - +0 cloak (curse)
rCorr    .         Harm     .   (no gloves)
MR       .....                  g - +0 pair of boots
Stlth    ..........             (no amulet)
HPRegen  0.17/turn              u - ring of see invisible
MPRegen  0.10/turn              t - ring of stealth

@: confused, lethally poisoned (0 -> -2)
A: claws 2, hooves 1
a: no special abilities


You were on level 3 of the Dungeon.
You were not hungry.

You visited 1 branch of the dungeon, and saw 3 of its levels.

You collected 147 gold pieces.

Inventory:

Hand Weapons
 a - a +0 long sword (weapon)
 j - a +1 short sword of venom
 y - a +2 short sword of flaming
Missiles
 d - 3 throwing nets (quivered)
Armour
 c - a +0 helmet (worn)
 g - a +0 pair of boots (worn)
 k - a cursed +0 cloak (worn)
 w - a +3 chain mail of poison resistance (worn)
Jewellery
 t - a ring of stealth (right claw)
 u - a ring of see invisible (left claw)
Scrolls
 b - 2 scrolls of amnesia {unknown}
 h - 2 scrolls of remove curse {unknown}
 i - 2 scrolls of identify {unknown}
 m - a scroll of enchant armour {unknown}
 n - a scroll of blinking {unknown}
 q - 2 scrolls of teleportation {unknown}
 x - a scroll of magic mapping {unknown}
Potions
 e - a potion of mutation {unknown}
 o - a potion of ambrosia
 p - a potion of curing {unknown}
 r - a potion of agility {unknown}
 s - 2 potions of heal wounds {unknown}
 v - a potion of might {unknown}
Comestibles
 f - 4 rations


   Skills:
 + Level 2.4 Fighting
 + Level 7.1 Long Blades
 - Level 1.7 Throwing
 + Level 1.0 Armour
 + Level 3.0 Dodging


You had 6 spell levels left.
You didn't know any spells.
Your spell library was empty.

Dungeon Overview and Level Annotations

Branches:
Dungeon (3/15)

Altars:


Innate Abilities, Weirdness & Mutations

You have very sharp fingernails.
You have large cloven feet.


Message History

The orc wizard is severely wounded.
You feel sick. The orc hits you but does no damage.
The orc wizard casts a spell at you. You resist with some effort.
You closely miss the orc wizard.
The orc wizard is severely wounded.
The orc hits you with a flail.
* * * LOW HITPOINT WARNING * * *
The orc wizard closely misses you.
You riposte.
You closely miss the orc wizard.
The orc wizard is severely wounded.
You barely miss the orc wizard.
The orc wizard is severely wounded.
The orc hits you but does no damage.
The orc wizard hits you but does no damage.
It was a potion of ambrosia.
You are confused.
You feel invigorated. The orc wizard barely misses you.
The orc hits you with a flail.
You die...

####### ...<...
##############%..#
#....[......)@o..+
#..........###o..#
#.###(...........#
#.# ###+###.####.#
#.# .# #.#
#.####### ##
#.##+### #......[#
#)#....########
#.#####.#
#..............
#.# #)#
#.#............


You could see an orc wizard and an orc.

Vanquished Creatures
  Sigmund (D:2)
  A crimson imp (D:2)
  2 orc priests
  2 orc wizards (D:3)
  Jessica (D:2)
  An iguana (D:3)
  Natasha (thrice) (D:2)
  4 adders
  3 gnolls (D:2)
  2 oozes (D:1)
  2 worms
  A leopard gecko (D:2)
  10 orcs
  7 goblins
  7 hobgoblins
  3 jackals (D:3)
  A quokka (D:2)
  5 bats
  2 frilled lizards
  6 kobolds
  2 rats
66 creatures vanquished.

Notes
Turn   | Place    | Note
-------+----------+-------------------------------------------
     0 | D:1      | George the Demonspawn Gladiator began the quest for the Orb.
     0 | D:1      | Reached XP level 1. HP: 16/16 MP: 1/1
    25 | D:1      | Reached skill level 3 in Long Blades
    30 | D:1      | Gained mutation: You have large cloven feet. [demonic ancestry]
    30 | D:1      | Reached XP level 2. HP: 14/22 MP: 2/2
   514 | D:2      | Noticed Jessica
   522 | D:2      | Killed Jessica
   522 | D:2      | Reached skill level 4 in Long Blades
   522 | D:2      | Reached XP level 3. HP: 24/27 MP: 3/3
   644 | D:2      | Noticed Sigmund
   686 | D:2      | HP: 1/27 [Sigmund/puff of flame (6)]
   687 | D:2      | Killed Sigmund
   687 | D:2      | Reached skill level 5 in Long Blades
   687 | D:2      | Reached XP level 4. HP: 1/33 MP: 4/4
   687 | D:2      | Reached XP level 5. HP: 2/38 MP: 5/5
  1080 | D:2      | Noticed Natasha
  1098 | D:2      | Killed Natasha
  1098 | D:2      | Reached skill level 6 in Long Blades
  1144 | D:2      | Gained mutation: You have sharp fingernails. [demonic ancestry]
  1144 | D:2      | Reached XP level 6. HP: 16/44 MP: 6/6
  1415 | D:2      | Noticed Natasha
  1419 | D:2      | Killed Natasha
  1467 | D:2      | Noticed Natasha
  1479 | D:2      | Killed Natasha
  1870 | D:3      | Reached skill level 7 in Long Blades
  2229 | D:3      | Gained mutation: You have very sharp fingernails. [demonic ancestry]
  2229 | D:3      | Reached XP level 7. HP: 23/50 MP: 7/7
  2471 | D:3      | Reached skill level 1 in Armour
  2476 | D:3      | HP: 2/51 [orc/flail (5)]
  2478 | D:3      | Slain by an orc

Vault maps used:
D:1:      scummos_arrival_hexagon
D:2:      uniq_jessica, uniq_sigmund, uniq_natasha
D:3:      minmay_misc_feat_room

Skill      XL: |  1  2  3  4  5  6  7 |
---------------+----------------------+-----
Long Blades    | 3 4 5 6 7 |  7.1
Dodging        | 3 |  3.0
Armour         | 1 |  1.0
Fighting       | |  2.4
Throwing       | |  1.7

Action                   |  1- 3 |  4- 6 |  7- 9 || total
-------------------------+-------+-------+-------++-------
Melee: Long sword        |    61 |   146 |    25 ||   232
  Use: Potion            |       |       |     1 ||     1
  Eat: Chunk             |       |     5 |       ||     5
Armor: Leather armour    |     3 |       |       ||     3
       Ring mail         |     6 |    46 |       ||    52
       Skin              |     1 |       |       ||     1
       Chain mail        |       |       |    21 ||    21
Dodge: Dodged            |    55 |    97 |    18 ||   170
       Rpst.: Long sword |    17 |    27 |     5 ||    49

Table legend:
 A = Spawn XP
 B = Non-spawn XP
 C = Spawn XP percentage of total XP
 D = Spawn monster count
 E = Non-spawn monster count
 F = Spawn count percentage of total count
 G = Total turns spent on level
                    A         B        C        D         E        F      G
               +---------+---------+-------+---------+---------+-------+---------
         Total |       0 |     816 |   0.0 |       0 |      66 |   0.0 |  2478
               +---------+---------+-------+---------+---------+-------+---------
           D:1 |       0 |      37 |   0.0 |       0 |      18 |   0.0 |   458
           D:2 |       0 |     576 |   0.0 |       0 |      30 |   0.0 |  1403
           D:3 |       0 |     203 |   0.0 |       0 |      18 |   0.0 |   617
               +---------+---------+-------+---------+---------+-------+---------
